 Dungeon Crawl Stone Soup version 0.27.1-4-g1640c2035a (webtiles) character file.

Game seed: 6537623464190048242

172 Descartes the Magician (level 5, -1/28 HPs)
             Began as a Deep Elf Wanderer on Nov 17, 2021.
             Killed by divine providence
             ... invoked by an orc priest
              (8 damage)
             ... on level 4 of the Dungeon.
             The game lasted 00:09:41 (3796 turns).

Descartes the Magician (Deep Elf Wanderer)          Turns: 3796, Time: 00:09:42

Health: -1/28      AC:  5    Str: 10    XL:     5   Next: 27%
Magic:  13/13      EV: 11    Int: 17    God:
Gold:   112        SH:  0    Dex: 14    Spells: 6/13 levels left

rFire    . . .     SeeInvis .   a - +0 dagger
rCold    . . .     Faith    .   (no shield)
rNeg     . . .     Spirit   .   k - +2 robe {Will+}
rPois    .         Reflect  .   (no helmet)
rElec    .         Harm     .   (no cloak)
rCorr    .         Rampage  .   s - +0 pair of gloves
Will     +....                  (no boots)
Stlth    ++........             (no amulet)
HPRegen  0.09/turn              (no ring)
MPRegen  0.13/turn              (no ring)

@: no status effects
A: no striking features
a: no special abilities


You were on level 4 of the Dungeon.
You visited 1 branch of the dungeon, and saw 4 of its levels.

You collected 112 gold pieces.

Inventory:

Hand Weapons
 a - a +0 dagger (weapon)
Missiles
 g - 67 stones
 m - 12 arrows
 q - 4 poisoned darts
Armour
 d - a +0 robe
 j - a +0 buckler
 k - a +2 robe of willpower (worn)
 s - a +0 pair of gloves (worn)
Magical Staves
 t - a staff of air
Wands
 r - a wand of polymorph (5)
Scrolls
 b - 2 scrolls of fear
 e - a scroll of blinking
 f - 2 scrolls of identify {unknown}
 h - a scroll of enchant armour {unknown}
 l - a scroll of fog {unknown}
 o - a scroll of acquirement {unknown}
 p - a scroll of immolation {unknown}
Potions
 c - a potion of curing
 i - 2 potions of resistance {unknown}
 n - a potion of flight {unknown}


   Skills:
 - Level 1.2 Stealth
 + Level 1.3 Shields
 - Level 3.2 Unarmed Combat
 + Level 4.5 Spellcasting
 + Level 3.0 Conjurations
 + Level 0.7 Transmutations
 + Level 2.5 Fire Magic
 + Level 0.7 Poison Magic
 - Level 2.1 Evocations


You had 6 spell levels left.
You knew the following spells:

 Your Spells              Type           Power      Damage    Failure   Level
a - Foxfire               Conj/Fire      52%        2x1d6     4%          1
b - Ignite Poison         Fire/Tmut/Pois 8%         N/A       26%         3
c - Dazzling Flash        Conj/Hex       16%        N/A       24%         3

Your spell library contained the following spells:

 Spells                   Type           Power      Damage    Failure   Level
 Conjure Flame            Conj/Fire      13%        6-21      14%         3
 Summon Small Mammal      Summ           12%        N/A       16%         1
 Inner Flame              Hex/Fire       8%         N/A       26%         3
 Call Canine Familiar     Summ           3%         N/A       41%         3
 Summon Guardian Golem    Hex/Summ       3%         N/A       41%         3
 Iskenderun's Mystic Bla  Conj/Tloc      8%         2d4       63%         4
 Starburst                Conj/Fire      6%         6d4       100%        6


Dungeon Overview and Level Annotations

Branches:
Dungeon (4/15)
 Temple: D:4-7

Altars:


Message History

Your Conjurations skill increases to level 3!
Your foxfire dissipates! x2
You see here a worm corpse.
A hobgoblin comes into view.
The hobgoblin shouts!
Casting: Foxfire (safe; 4% risk of failure)
Confirm with . or Enter, or press ? or * to list all spells.
You conjure some foxfire!
Casting: Foxfire (safe; 4% risk of failure)
Confirm with . or Enter, or press ? or * to list all spells.
You conjure some foxfire!
The foxfire hits the hobgoblin.
The hobgoblin is heavily wounded.
The foxfire hits the hobgoblin.
You kill the hobgoblin!
Unknown command.
Casting: Foxfire (safe; 4% risk of failure)
Confirm with . or Enter, or press ? or * to list all spells.
You miscast Foxfire.
You are very lightly contaminated with residual magic.
Nothing appears to happen.
Your foxfire dissipates! x2
Your magical contamination has completely faded away.
Done exploring.
Done exploring.
There is a stone staircase leading down here.
You climb downwards.
There is a stone staircase leading up here.
An orc comes into view. It is wielding a +0 trident.
An orc priest comes into view. It is wielding a +0 hand axe.
The orc shouts!
An orc comes into view.
It is wielding a +1 dagger of protection.
The orc priest shouts!
The orc priest calls down the wrath of Beogh upon you.
Beogh smites you!
The orc priest mumbles some strange prayers to Beogh against you.
Beogh smites you!
* * * LOW HITPOINT WARNING * * *
The orc priest mumbles some strange prayers to Beogh against you.
Beogh smites you!
You die...

### #<# ### #.#
... #.#
##.#############@#
........oo...o...#
##.###############
#. #. #. #. #. #.


You could see an orc priest and an orc.

Vanquished Creatures
  A hound (D:3)
  Jessica (D:2)
  Robin (D:2)
  3 adders
  3 worms (D:3)
  5 dart slugs
  An orc (D:3)
  4 bats
  An endoplasm (D:2)
  A giant cockroach (D:1)
  13 goblins
  9 hobgoblins
  4 kobolds
  2 quokkas
  3 ball pythons
  7 frilled lizards
  5 rats
64 creatures vanquished.

Vanquished Creatures (collateral kills)
  4 foxfires (D:1)
4 creatures vanquished.

Vanquished Creatures (others)
  289 foxfires
  7 plants (D:1)
296 creatures vanquished.

Grand Total: 364 creatures vanquished

Notes
Turn   | Place    | Note
-------+----------+-------------------------------------------
     0 | D:1      | Descartes the Deep Elf Wanderer began the quest for the
                  | Orb.
     0 | D:1      | Descartes set off with the following items: a +0 dagger, a
                  | scroll of fear, a potion of curing, a +0 robe, a scroll of
                  | blinking; and the following spell memorised: Foxfire; and
                  | the following spells available to memorise: Ignite Poison
     0 | D:1      | Reached XP level 1. HP: 10/10 MP: 6/6
   248 | D:1      | Reached XP level 2. HP: 15/15 MP: 5/8
   300 | D:1      | Reached skill level 1 in Fire Magic
  1420 | D:2      | Reached XP level 3. HP: 9/19 MP: 5/10
  1811 | D:2      | Noticed Jessica
  1816 | D:2      | Killed Jessica
  1817 | D:2      | Reached skill level 4 in Spellcasting
  1988 | D:2      | Reached XP level 4. HP: 24/24 MP: 9/12
  2100 | D:2      | Noticed Robin
  2168 | D:2      | Reached skill level 1 in Shields
  2201 | D:2      | Killed Robin
  2886 | D:2      | Learned a level 3 spell: Ignite Poison
  3053 | D:3      | Reached XP level 5. HP: 28/28 MP: 7/13
  3408 | D:3      | Learned a level 3 spell: Dazzling Flash
  3796 | D:4      | Killed from afar by an orc priest

Illustrated notes

Levels and vault maps discovered:
D:1:      minmay_arrival_semitransparent, layout_loops_ring, serial_forest,
          infiniplex_forest_corner_2, infiniplex_forest_straight_3,
          infiniplex_forest_clump_diagonal, infiniplex_forest_3_way,
          infiniplex_forest_clump_curved, infiniplex_forest_lined_4_way
D:2:      wad_pebble_path, layout_basic, chequers_avenue, lemuel_old_faithful,
          uniq_jessica, uniq_robin
D:3:      layout_rooms
D:4:      kennysheep_slugbush, layout_basic, nicolae_tso_swordbearing_angel,
          nicolae_ru_the_path_less_chosen, minmay_pentomino_pile

Skill      XL: |  1  2  3  4  5 |
---------------+----------------+-----
Fire Magic     | 1 2 |  2.5
Conjurations   | 2 3 |  3.0
Spellcasting   | 4 |  4.5
Shields        | 1 |  1.3
Stealth        | |  1.2
Unarmed Combat | |  3.2
Transmutations | |  0.7
Poison Magic   | |  0.7
Evocations     | |  2.1

Action                   |  1- 3 |  4- 6 || total
-------------------------+-------+-------++-------
 Cast: Foxfire           |    95 |    94 ||   189
Armor: Robe              |     3 |       ||     3
Dodge: Dodged            |    10 |     1 ||    11
